[ PARTIDA AOE2 · #483679166 ]
UnrankedPortugueses vs Franks
[ ANÁLISIS DE REPETICIÓN · EXTRAÍDO DE LA PARTIDA GRABADA ]
Feudal
10:48
Castillos
23:38
Imperial
—
| APM promedio | 19.0 |
| APM pico | 32 |
| eAPM promedio | 8.6 |
| Aldeanos / militares | 70 / 34 |
Foco
⚔️ 23.9% · 🌾 76.1%
Organ Gun ×17 · Knight ×10 · Spearman ×4 · Archer ×3
Feudal
12:37
Castillos
27:28
Imperial
—
| APM promedio | 31.6 |
| APM pico | 81 |
| eAPM promedio | 13.2 |
| Aldeanos / militares | 121 / 53 |
Foco
⚔️ 21.5% · 🌾 78.5%
Scout Cavalry ×34 · Throwing Axeman ×10 · Knight ×9 · Trade Cart ×9
Feudal
11:28
Castillos
23:46
Imperial
34:32
| APM promedio | 25.0 |
| APM pico | 148 |
| eAPM promedio | 11.1 |
| Aldeanos / militares | 50 / 46 |
Foco
⚔️ 26.4% · 🌾 73.6%
Spearman ×46
Feudal
—
Castillos
—
Imperial
—
| APM promedio | 21.9 |
| APM pico | 59 |
| eAPM promedio | 8.2 |
| Aldeanos / militares | 74 / 17 |
Foco
⚔️ 24.0% · 🌾 76.0%
Ballista Elephant ×8 · Battering Ram ×4 · Scout Cavalry ×3 · Mangonel ×2
Feudal
10:53
Castillos
26:08
Imperial
—
| APM promedio | 6.2 |
| APM pico | 14 |
| eAPM promedio | 5.2 |
| Aldeanos / militares | 46 / 7 |
Foco
⚔️ 14.7% · 🌾 85.3%
Spearman ×7
Feudal
10:27
Castillos
15:40
Imperial
30:21
| APM promedio | 22.0 |
| APM pico | 50 |
| eAPM promedio | 14.2 |
| Aldeanos / militares | 94 / 102 |
Foco
⚔️ 17.1% · 🌾 82.9%
Samurai ×101 · Fishing Ship ×27 · Monk ×1
Feudal
10:23
Castillos
21:26
Imperial
35:59
| APM promedio | 12.1 |
| APM pico | 24 |
| eAPM promedio | 11.1 |
| Aldeanos / militares | 111 / 25 |
Foco
⚔️ 13.7% · 🌾 86.3%
Militia ×15 · Centurion ×10 · Trade Cart ×6
Feudal
12:07
Castillos
16:08
Imperial
—
| APM promedio | 17.8 |
| APM pico | 38 |
| eAPM promedio | 10.5 |
| Aldeanos / militares | 71 / 75 |
Foco
⚔️ 31.5% · 🌾 68.5%
Battle Elephant ×39 · Arambai ×19 · Spearman ×9 · Battering Ram ×8
Mapa de la partida
Recursos iniciales + cada clic de construcción. Líneas = muros · curvas = relieve. ◆ oro · ⬟ piedra · ● bayas · ✦ reliquia · ◌ hueco del cierre
Tu base· Abierta — hueco de 3t
Base de Me Xantaress..· Abierta — flanco sin cerrar
Base de ModernSamurai· Abierta — flanco sin cerrar
Base de elmalpa6669· Abierta — flanco sin cerrar
Base de teutonicou· Abierta — flanco sin cerrar
Base de xxxAJxxx· Abierta — flanco sin cerrar
Base de K-po· Abierta — flanco sin cerrar
Base de LanChesslot· Abierta — flanco sin cerrar
Terreno inicial suavizado · ◌ = hueco del cierre detectado · pasá el cursor para detalles
Inputs por minuto
— nicodomax - - Me Xantaress..
Build order — nicodomax
Primeras 150 de 200 acciones detectadas
| 0:05 | Construir | House |
| 0:10 | Construir | House |
| 0:11 | Crear | Villager (Male) |
| 0:12 | Crear | Villager (Male) |
| 0:40 | Crear | Villager (Male) |
| 0:41 | Crear | Villager (Male) |
| 1:48 | Crear | Villager (Male) |
| 2:21 | Construir | Lumber Camp |
| 2:23 | Crear | Villager (Male) |
| 2:23 | Crear | Villager (Male) |
| 2:56 | Crear | Villager (Male) |
| 2:59 | Investigar | Loom |
| 3:27 | Crear | Villager (Male) |
| 3:27 | Crear | Villager (Male) |
| 3:58 | Crear | Villager (Male) |
| 4:11 | Construir | Mill |
| 5:12 | Crear | Villager (Male) |
| 5:12 | Crear | Villager (Male) |
| 5:12 | Crear | Villager (Male) |
| 5:29 | Construir | House |
| 5:35 | Crear | Villager (Male) |
| 6:13 | Crear | Villager (Male) |
| 7:04 | Crear | Villager (Male) |
| 7:04 | Crear | Villager (Male) |
| 7:17 | Construir | House |
| 8:38 | Investigar | Feudal Age |
| 8:46 | Construir | House |
| 8:59 | Construir | Mining Camp |
| 9:19 | Construir | Barracks |
| 10:48 | Edad | Edad Feudal |
| 11:10 | Construir | Blacksmith |
| 11:14 | Crear | Villager (Male) |
| 11:15 | Crear | Villager (Male) |
| 11:32 | Crear | Villager (Male) |
| 11:45 | Construir | Farm |
| 11:58 | Construir | Farm |
| 12:11 | Crear | Villager (Male) |
| 12:13 | Crear | Villager (Male) |
| 12:48 | Crear | Villager (Male) |
| 12:52 | Investigar | Double-Bit Axe |
| 13:21 | Construir | Lumber Camp |
| 13:41 | Construir | Palisade Wall |
| 13:55 | Construir | Farm |
| 14:09 | Construir | Palisade Wall |
| 14:12 | Crear | Villager (Male) |
| 14:12 | Crear | Villager (Male) |
| 14:18 | Construir | House |
| 14:21 | Construir | House |
| 14:26 | Crear | Spearman |
| 14:26 | Crear | Spearman |
| 14:59 | Construir | Archery Range |
| 15:03 | Crear | Villager (Male) |
| 15:04 | Crear | Villager (Male) |
| 15:11 | Construir | Farm |
| 15:12 | Construir | Farm |
| 15:13 | Investigar | Horse Collar |
| 15:15 | Crear | Villager (Male) |
| 15:27 | Construir | House |
| 15:29 | Construir | House |
| 15:45 | Construir | Mining Camp |
| 16:00 | Construir | Farm |
| 16:15 | Construir | Mill |
| 16:17 | Construir | Farm |
| 16:17 | Construir | Farm |
| 16:18 | Construir | Farm |
| 16:19 | Construir | Farm |
| 16:19 | Construir | Farm |
| 16:27 | Construir | Farm |
| 16:38 | Construir | House |
| 16:39 | Construir | House |
| 16:43 | Construir | House |
| 16:50 | Crear | Archer |
| 16:51 | Crear | Archer |
| 16:52 | Crear | Archer |
| 17:04 | Crear | Villager (Male) |
| 17:04 | Crear | Villager (Male) |
| 17:14 | Construir | Farm |
| 17:15 | Construir | Farm |
| 17:44 | Construir | Farm |
| 17:54 | Construir | House |
| 17:56 | Construir | House |
| 18:12 | Crear | Villager (Male) |
| 18:13 | Crear | Villager (Male) |
| 18:22 | Construir | Farm |
| 18:29 | Construir | Farm |
| 18:34 | Investigar | Scale Barding Armor |
| 18:43 | Construir | Stable |
| 18:52 | Crear | Villager (Male) |
| 18:52 | Crear | Villager (Male) |
| 19:46 | Crear | Villager (Male) |
| 19:55 | Construir | Lumber Camp |
| 20:01 | Crear | Villager (Male) |
| 20:17 | Construir | Farm |
| 20:17 | Construir | Farm |
| 20:20 | Construir | Farm |
| 20:29 | Construir | Palisade Wall |
| 20:58 | Investigar | Castle Age |
| 21:16 | Construir | Farm |
| 21:21 | Construir | Farm |
| 21:36 | Crear | Spearman |
| 21:36 | Crear | Spearman |
| 23:05 | Crear | Villager (Male) |
| 23:06 | Crear | Villager (Male) |
| 23:07 | Crear | Villager (Male) |
| 23:07 | Crear | Villager (Male) |
| 23:32 | Investigar | Stone Mining |
| 23:32 | Investigar | Gold Mining |
| 23:38 | Edad | Edad de los Castillos |
| 23:55 | Investigar | Bow Saw |
| 23:58 | Crear | Villager (Male) |
| 24:09 | Crear | Knight |
| 24:09 | Crear | Knight |
| 24:11 | Crear | Knight |
| 24:20 | Crear | Villager (Male) |
| 24:20 | Crear | Villager (Male) |
| 24:21 | Crear | Villager (Male) |
| 25:00 | Construir | Castle |
| 25:15 | Crear | Villager (Male) |
| 25:16 | Crear | Villager (Male) |
| 26:01 | Construir | Town Center |
| 26:13 | Construir | Lumber Camp |
| 26:17 | Crear | Villager (Male) |
| 26:17 | Crear | Villager (Male) |
| 26:26 | Construir | Farm |
| 26:50 | Investigar | Chain Barding Armor |
| 27:07 | Construir | Farm |
| 27:07 | Construir | Farm |
| 27:07 | Construir | Farm |
| 27:39 | Crear | Villager (Male) |
| 27:40 | Crear | Villager (Male) |
| 27:40 | Crear | Villager (Male) |
| 27:40 | Crear | Villager (Male) |
| 27:40 | Crear | Villager (Male) |
| 27:41 | Crear | Villager (Male) |
| 27:43 | Crear | Villager (Male) |
| 28:04 | Construir | Town Center |
| 28:16 | Crear | Villager (Male) |
| 28:16 | Crear | Villager (Male) |
| 28:40 | Crear | Organ Gun |
| 28:40 | Crear | Organ Gun |
| 28:40 | Crear | Organ Gun |
| 28:41 | Crear | Organ Gun |
| 28:41 | Crear | Organ Gun |
| 28:51 | Investigar | Husbandry |
| 29:12 | Crear | Villager (Male) |
| 29:16 | Construir | Farm |
| 29:24 | Crear | Villager (Male) |
| 29:24 | Crear | Villager (Male) |
| 29:24 | Crear | Villager (Male) |
| 29:44 | Construir | Mining Camp |
Build order — Me Xantaress..
Primeras 150 de 290 acciones detectadas
| 0:01 | Crear | Villager (Male) |
| 0:02 | Crear | Villager (Male) |
| 0:02 | Crear | Villager (Male) |
| 0:05 | Construir | House |
| 0:07 | Construir | House |
| 0:10 | Crear | Villager (Male) |
| 0:10 | Crear | Villager (Male) |
| 1:26 | Crear | Villager (Male) |
| 1:27 | Crear | Villager (Male) |
| 2:17 | Construir | Lumber Camp |
| 2:22 | Crear | Villager (Male) |
| 2:22 | Crear | Villager (Male) |
| 2:23 | Crear | Villager (Male) |
| 2:58 | Crear | Villager (Male) |
| 2:58 | Crear | Villager (Male) |
| 3:07 | Crear | Villager (Male) |
| 3:07 | Crear | Villager (Male) |
| 3:43 | Crear | Villager (Male) |
| 3:44 | Crear | Villager (Male) |
| 3:44 | Crear | Villager (Male) |
| 4:03 | Construir | House |
| 4:14 | Crear | Villager (Male) |
| 4:14 | Crear | Villager (Male) |
| 4:42 | Crear | Villager (Male) |
| 4:43 | Crear | Villager (Male) |
| 4:43 | Crear | Villager (Male) |
| 4:43 | Crear | Villager (Male) |
| 4:43 | Crear | Villager (Male) |
| 4:54 | Crear | Villager (Male) |
| 4:55 | Crear | Villager (Male) |
| 4:55 | Crear | Villager (Male) |
| 5:15 | Crear | Villager (Male) |
| 5:16 | Crear | Villager (Male) |
| 5:41 | Construir | House |
| 5:45 | Crear | Villager (Male) |
| 5:45 | Crear | Villager (Male) |
| 6:13 | Crear | Villager (Male) |
| 6:13 | Crear | Villager (Male) |
| 6:51 | Crear | Villager (Male) |
| 7:04 | Crear | Villager (Male) |
| 7:17 | Crear | Villager (Male) |
| 7:17 | Crear | Villager (Male) |
| 7:18 | Crear | Villager (Male) |
| 7:41 | Crear | Villager (Male) |
| 7:56 | Construir | Barracks |
| 8:14 | Construir | Mill |
| 8:17 | Crear | Villager (Male) |
| 8:25 | Crear | Villager (Male) |
| 8:26 | Crear | Villager (Male) |
| 8:26 | Crear | Villager (Male) |
| 8:26 | Crear | Villager (Male) |
| 8:26 | Crear | Villager (Male) |
| 8:27 | Crear | Villager (Male) |
| 8:59 | Crear | Villager (Male) |
| 9:06 | Construir | House |
| 9:12 | Investigar | Loom |
| 9:18 | Investigar | Feudal Age |
| 9:24 | Crear | Villager (Male) |
| 9:25 | Crear | Villager (Male) |
| 9:43 | Construir | House |
| 10:08 | Crear | Villager (Male) |
| 10:16 | Construir | Mining Camp |
| 10:21 | Investigar | Feudal Age |
| 10:50 | Construir | Farm |
| 10:58 | Construir | Farm |
| 11:37 | Crear | Villager (Male) |
| 11:51 | Construir | Lumber Camp |
| 11:57 | Construir | Farm |
| 12:28 | Construir | Farm |
| 12:30 | Crear | Villager (Male) |
| 12:37 | Edad | Edad Feudal |
| 12:41 | Construir | Stable |
| 12:48 | Construir | Blacksmith |
| 13:05 | Investigar | Double-Bit Axe |
| 13:15 | Crear | Villager (Male) |
| 13:48 | Investigar | Scale Barding Armor |
| 13:50 | Investigar | Forging |
| 13:52 | Crear | Scout Cavalry |
| 13:53 | Crear | Scout Cavalry |
| 14:01 | Crear | Scout Cavalry |
| 14:01 | Crear | Scout Cavalry |
| 14:14 | Crear | Scout Cavalry |
| 14:14 | Crear | Scout Cavalry |
| 14:21 | Construir | House |
| 14:26 | Crear | Villager (Male) |
| 14:41 | Crear | Scout Cavalry |
| 14:47 | Crear | Scout Cavalry |
| 14:47 | Crear | Scout Cavalry |
| 15:05 | Construir | Stable |
| 15:08 | Crear | Scout Cavalry |
| 15:22 | Construir | Farm |
| 15:22 | Construir | Farm |
| 15:24 | Construir | Farm |
| 15:24 | Construir | Farm |
| 15:24 | Construir | Farm |
| 15:25 | Construir | Farm |
| 15:37 | Crear | Scout Cavalry |
| 16:45 | Crear | Scout Cavalry |
| 16:45 | Crear | Scout Cavalry |
| 16:45 | Crear | Scout Cavalry |
| 17:19 | Crear | Scout Cavalry |
| 17:53 | Crear | Villager (Male) |
| 17:54 | Crear | Villager (Male) |
| 18:02 | Construir | House |
| 18:02 | Construir | House |
| 18:08 | Construir | Mining Camp |
| 18:19 | Construir | Farm |
| 18:30 | Construir | Farm |
| 18:34 | Crear | Scout Cavalry |
| 18:35 | Crear | Scout Cavalry |
| 18:46 | Construir | Farm |
| 18:50 | Crear | Villager (Male) |
| 19:08 | Crear | Scout Cavalry |
| 19:08 | Crear | Scout Cavalry |
| 19:58 | Crear | Scout Cavalry |
| 20:00 | Crear | Scout Cavalry |
| 20:00 | Crear | Scout Cavalry |
| 20:11 | Construir | Farm |
| 20:11 | Construir | Farm |
| 20:11 | Construir | Farm |
| 20:26 | Construir | Farm |
| 20:31 | Crear | Villager (Male) |
| 20:31 | Crear | Villager (Male) |
| 20:38 | Construir | Farm |
| 20:48 | Construir | Farm |
| 20:48 | Construir | Farm |
| 20:55 | Crear | Villager (Male) |
| 20:58 | Crear | Scout Cavalry |
| 22:04 | Crear | Scout Cavalry |
| 22:12 | Construir | House |
| 22:12 | Construir | House |
| 22:54 | Crear | Villager (Male) |
| 22:55 | Crear | Villager (Male) |
| 22:55 | Crear | Villager (Male) |
| 22:58 | Crear | Villager (Male) |
| 24:01 | Construir | Farm |
| 24:48 | Investigar | Castle Age |
| 24:51 | Crear | Villager (Male) |
| 25:38 | Construir | Farm |
| 25:39 | Construir | Farm |
| 25:39 | Construir | Farm |
| 25:39 | Construir | Farm |
| 25:39 | Construir | Farm |
| 25:39 | Construir | Farm |
| 25:45 | Crear | Scout Cavalry |
| 25:45 | Crear | Scout Cavalry |
| 25:45 | Crear | Scout Cavalry |
| 26:03 | Construir | Farm |
| 26:03 | Construir | Farm |
| 26:03 | Construir | Farm |
Build order — ModernSamurai
Primeras 150 de 180 acciones detectadas
| 0:02 | Crear | Villager (Male) |
| 0:03 | Crear | Villager (Male) |
| 0:03 | Crear | Villager (Male) |
| 0:04 | Crear | Villager (Male) |
| 0:04 | Crear | Villager (Male) |
| 0:07 | Construir | House |
| 0:09 | Construir | House |
| 1:58 | Crear | Villager (Male) |
| 1:59 | Crear | Villager (Male) |
| 2:49 | Construir | Lumber Camp |
| 3:11 | Crear | Villager (Male) |
| 3:12 | Crear | Villager (Male) |
| 3:32 | Construir | House |
| 3:52 | Crear | Villager (Male) |
| 4:42 | Crear | Villager (Male) |
| 4:53 | Crear | Villager (Male) |
| 4:53 | Crear | Villager (Male) |
| 5:21 | Crear | Villager (Male) |
| 5:29 | Crear | Villager (Male) |
| 5:56 | Crear | Villager (Male) |
| 6:23 | Crear | Villager (Male) |
| 6:29 | Construir | House |
| 6:35 | Crear | Villager (Male) |
| 7:15 | Crear | Villager (Male) |
| 7:56 | Crear | Villager (Male) |
| 8:13 | Crear | Villager (Male) |
| 8:28 | Construir | Mill |
| 8:49 | Construir | House |
| 9:18 | Investigar | Feudal Age |
| 9:21 | Crear | Villager (Male) |
| 9:21 | Crear | Villager (Male) |
| 9:25 | Investigar | Loom |
| 9:27 | Crear | Villager (Male) |
| 9:27 | Crear | Villager (Male) |
| 9:34 | Construir | Farm |
| 9:38 | Construir | Farm |
| 9:42 | Construir | Farm |
| 10:37 | Construir | Mining Camp |
| 11:13 | Construir | Barracks |
| 11:28 | Edad | Edad Feudal |
| 11:40 | Construir | Blacksmith |
| 11:55 | Investigar | Wheelbarrow |
| 11:58 | Investigar | Double-Bit Axe |
| 12:22 | Crear | Villager (Male) |
| 13:06 | Construir | Farm |
| 13:07 | Construir | Farm |
| 14:02 | Construir | Market |
| 14:09 | Crear | Villager (Male) |
| 14:10 | Crear | Villager (Male) |
| 14:10 | Crear | Villager (Male) |
| 14:29 | Construir | House |
| 14:42 | Construir | Farm |
| 14:43 | Construir | Farm |
| 14:43 | Construir | Farm |
| 14:44 | Construir | Farm |
| 14:45 | Construir | Farm |
| 14:46 | Construir | Farm |
| 14:47 | Construir | Farm |
| 14:49 | Construir | Farm |
| 14:50 | Construir | Farm |
| 14:51 | Construir | Farm |
| 14:51 | Construir | Farm |
| 14:53 | Construir | Farm |
| 14:55 | Construir | Farm |
| 14:57 | Construir | Farm |
| 14:58 | Construir | Farm |
| 14:59 | Construir | Farm |
| 15:00 | Construir | Farm |
| 15:01 | Construir | Farm |
| 15:02 | Construir | Farm |
| 15:02 | Construir | Farm |
| 15:03 | Construir | Farm |
| 15:04 | Construir | Farm |
| 15:05 | Construir | Farm |
| 15:06 | Construir | Farm |
| 15:06 | Construir | Farm |
| 15:07 | Construir | Farm |
| 15:08 | Construir | Farm |
| 15:09 | Construir | Farm |
| 15:10 | Construir | Farm |
| 15:15 | Crear | Villager (Male) |
| 15:35 | Investigar | Gold Mining |
| 15:40 | Crear | Villager (Male) |
| 15:48 | Investigar | Stone Mining |
| 16:08 | Crear | Spearman |
| 16:09 | Crear | Spearman |
| 16:09 | Crear | Spearman |
| 16:53 | Crear | Villager (Male) |
| 16:53 | Crear | Villager (Male) |
| 16:53 | Crear | Villager (Male) |
| 16:54 | Crear | Villager (Male) |
| 17:25 | Construir | House |
| 17:30 | Construir | House |
| 17:35 | Construir | House |
| 18:10 | Investigar | Forging |
| 18:11 | Investigar | Scale Mail Armor |
| 18:15 | Crear | Spearman |
| 18:15 | Crear | Spearman |
| 18:35 | Construir | Farm |
| 18:39 | Construir | Farm |
| 19:19 | Crear | Villager (Male) |
| 20:44 | Construir | Watch Tower |
| 20:53 | Crear | Spearman |
| 20:53 | Crear | Spearman |
| 21:03 | Crear | Villager (Male) |
| 21:06 | Investigar | Castle Age |
| 21:07 | Crear | Villager (Male) |
| 21:07 | Crear | Villager (Male) |
| 23:18 | Crear | Villager (Male) |
| 23:44 | Construir | Barracks |
| 23:46 | Edad | Edad de los Castillos |
| 23:58 | Construir | Archery Range |
| 24:50 | Crear | Villager (Male) |
| 24:52 | Investigar | Hand Cart |
| 24:54 | Crear | Villager (Male) |
| 25:01 | Construir | Farm |
| 25:15 | Investigar | Squires |
| 25:15 | Investigar | Pikeman (upgrade) |
| 25:17 | Crear | Spearman |
| 25:17 | Crear | Spearman |
| 25:17 | Crear | Spearman |
| 25:17 | Crear | Spearman |
| 25:18 | Crear | Spearman |
| 25:18 | Crear | Spearman |
| 25:18 | Crear | Spearman |
| 25:18 | Crear | Spearman |
| 25:38 | Investigar | Stone Shaft Mining |
| 26:24 | Construir | House |
| 26:28 | Construir | House |
| 26:49 | Construir | House |
| 27:03 | Crear | Villager (Male) |
| 27:04 | Crear | Villager (Male) |
| 27:04 | Crear | Villager (Male) |
| 27:04 | Crear | Villager (Male) |
| 27:36 | Construir | Lumber Camp |
| 27:52 | Crear | Villager (Male) |
| 28:13 | Construir | Monastery |
| 28:24 | Construir | University |
| 28:38 | Construir | Farm |
| 28:41 | Crear | Villager (Male) |
| 28:41 | Crear | Villager (Male) |
| 28:59 | Crear | Villager (Male) |
| 29:13 | Crear | Spearman |
| 29:14 | Crear | Spearman |
| 29:14 | Crear | Spearman |
| 29:14 | Crear | Spearman |
| 29:14 | Crear | Spearman |
| 29:15 | Crear | Spearman |
| 29:15 | Crear | Spearman |
| 29:15 | Crear | Spearman |
Build order — elmalpa6669
Primeras 150 de 159 acciones detectadas
| 0:03 | Crear | Villager (Male) ×4 |
| 0:03 | Crear | Villager (Male) ×4 |
| 0:07 | Construir | House |
| 0:10 | Construir | House |
| 1:34 | Crear | Villager (Male) |
| 1:34 | Crear | Villager (Male) |
| 2:05 | Crear | Villager (Male) |
| 2:05 | Crear | Villager (Male) |
| 2:45 | Crear | Villager (Male) |
| 3:51 | Crear | Villager (Male) |
| 3:51 | Crear | Villager (Male) |
| 3:51 | Crear | Villager (Male) |
| 3:52 | Crear | Villager (Male) |
| 4:34 | Crear | Villager (Male) |
| 4:35 | Crear | Villager (Male) |
| 4:35 | Crear | Villager (Male) |
| 4:35 | Crear | Villager (Male) |
| 4:35 | Crear | Villager (Male) |
| 4:35 | Crear | Villager (Male) |
| 4:35 | Crear | Villager (Male) |
| 5:45 | Crear | Villager (Male) |
| 5:45 | Crear | Villager (Male) |
| 5:46 | Crear | Villager (Male) |
| 5:46 | Crear | Villager (Male) |
| 5:52 | Investigar | Loom |
| 5:59 | Construir | House |
| 6:05 | Crear | Villager (Male) |
| 6:05 | Crear | Villager (Male) |
| 6:06 | Crear | Villager (Male) |
| 6:31 | Construir | Lumber Camp |
| 8:15 | Construir | Mining Camp |
| 8:23 | Construir | Mining Camp |
| 8:26 | Crear | Villager (Male) |
| 8:26 | Crear | Villager (Male) |
| 9:23 | Crear | Villager (Male) |
| 9:24 | Crear | Villager (Male) |
| 9:34 | Investigar | Feudal Age |
| 9:34 | Investigar | Feudal Age |
| 12:05 | Construir | Farm |
| 12:06 | Construir | Farm |
| 12:08 | Construir | Farm |
| 12:20 | Construir | Farm |
| 12:20 | Construir | Farm |
| 12:43 | Crear | Villager (Male) |
| 12:43 | Crear | Villager (Male) |
| 13:07 | Construir | House |
| 13:13 | Construir | Mill |
| 13:27 | Crear | Villager (Male) |
| 13:27 | Crear | Villager (Male) |
| 13:56 | Construir | House |
| 14:18 | Construir | Farm |
| 14:25 | Construir | Farm |
| 14:54 | Investigar | Castle Age |
| 14:54 | Investigar | Castle Age |
| 14:55 | Investigar | Castle Age |
| 14:55 | Investigar | Castle Age |
| 14:55 | Investigar | Castle Age |
| 14:55 | Investigar | Castle Age |
| 14:55 | Investigar | Castle Age |
| 14:55 | Investigar | Castle Age |
| 15:05 | Construir | House |
| 15:10 | Construir | Stable |
| 15:20 | Investigar | Double-Bit Axe |
| 16:44 | Construir | Gate |
| 16:54 | Construir | Stone Wall |
| 16:59 | Crear | Villager (Male) |
| 17:02 | Crear | Villager (Male) |
| 17:04 | Investigar | Horse Collar |
| 17:25 | Construir | Stone Wall |
| 17:41 | Crear | Villager (Male) |
| 17:42 | Crear | Villager (Male) |
| 17:59 | Investigar | Bow Saw |
| 18:24 | Construir | Gate |
| 18:31 | Construir | Stone Wall |
| 19:22 | Construir | House |
| 19:38 | Construir | Town Center |
| 19:48 | Crear | Villager (Male) |
| 19:49 | Crear | Villager (Male) |
| 20:07 | Construir | House |
| 20:52 | Construir | Blacksmith |
| 21:04 | Crear | Villager (Male) |
| 21:06 | Crear | Villager (Male) |
| 21:20 | Crear | Villager (Male) |
| 21:20 | Crear | Villager (Male) |
| 21:43 | Construir | House |
| 21:58 | Construir | House |
| 22:07 | Crear | Villager (Male) |
| 22:08 | Crear | Villager (Male) |
| 22:32 | Construir | Farm |
| 22:32 | Construir | Farm |
| 22:33 | Construir | Farm |
| 22:35 | Construir | Farm |
| 22:51 | Construir | Farm |
| 22:51 | Construir | Farm |
| 23:28 | Construir | Castle |
| 23:48 | Crear | Villager (Male) |
| 23:49 | Crear | Villager (Male) |
| 24:01 | Construir | Town Center |
| 24:09 | Crear | Villager (Male) |
| 24:09 | Crear | Villager (Male) |
| 24:26 | Investigar | Wheelbarrow |
| 24:30 | Crear | Villager (Male) |
| 24:31 | Crear | Villager (Male) |
| 24:37 | Investigar | Heavy Plow |
| 25:18 | Construir | Stone Wall |
| 25:23 | Construir | Stone Wall |
| 25:27 | Crear | Villager (Male) |
| 25:28 | Crear | Villager (Male) |
| 25:43 | Construir | Stone Wall |
| 25:44 | Construir | Stone Wall |
| 25:50 | Crear | Villager (Male) |
| 25:50 | Crear | Villager (Male) |
| 26:06 | Crear | Ballista Elephant |
| 26:10 | Crear | Scout Cavalry |
| 26:11 | Crear | Scout Cavalry |
| 26:36 | Construir | Stone Wall |
| 26:49 | Crear | Ballista Elephant |
| 27:37 | Crear | Scout Cavalry |
| 29:10 | Construir | Siege Workshop |
| 29:14 | Crear | Villager (Male) |
| 29:14 | Crear | Villager (Male) |
| 29:25 | Crear | Ballista Elephant |
| 29:25 | Crear | Ballista Elephant |
| 29:38 | Investigar | Fletching |
| 29:40 | Investigar | Scale Barding Armor |
| 30:05 | Construir | Castle |
| 30:17 | Crear | Battering Ram |
| 30:17 | Crear | Battering Ram |
| 30:35 | Crear | Ballista Elephant |
| 31:26 | Crear | Villager (Male) |
| 31:26 | Crear | Villager (Male) |
| 31:27 | Crear | Villager (Male) |
| 31:59 | Construir | Siege Workshop |
| 32:33 | Crear | Villager (Male) |
| 32:33 | Crear | Villager (Male) |
| 32:33 | Crear | Villager (Male) |
| 33:00 | Crear | Villager (Male) |
| 33:00 | Crear | Villager (Male) |
| 33:00 | Crear | Villager (Male) |
| 33:08 | Construir | Farm |
| 33:08 | Construir | Farm |
| 33:09 | Construir | Farm |
| 33:11 | Construir | Farm |
| 33:11 | Construir | Farm |
| 33:11 | Construir | Farm |
| 33:20 | Crear | Battering Ram |
| 33:21 | Crear | Battering Ram |
| 33:32 | Construir | Farm |
| 33:32 | Construir | Farm |
| 33:32 | Construir | Farm |
Build order — teutonicou
121 acciones detectadas en el replay
| 0:26 | Crear | Villager (Male) |
| 0:26 | Crear | Villager (Male) |
| 0:27 | Crear | Villager (Male) |
| 0:27 | Crear | Villager (Male) |
| 0:59 | Construir | House |
| 1:00 | Construir | House |
| 1:02 | Construir | House |
| 2:19 | Crear | Villager (Male) |
| 2:31 | Construir | Mill |
| 3:25 | Crear | Villager (Male) |
| 3:43 | Crear | Villager (Male) |
| 4:12 | Crear | Villager (Male) |
| 4:35 | Construir | Lumber Camp |
| 4:48 | Crear | Villager (Male) |
| 4:49 | Crear | Villager (Male) |
| 5:23 | Crear | Villager (Male) |
| 5:45 | Construir | Farm |
| 6:13 | Construir | Farm |
| 6:51 | Construir | Farm |
| 7:38 | Investigar | Loom |
| 8:43 | Investigar | Feudal Age |
| 8:58 | Construir | Farm |
| 10:53 | Edad | Edad Feudal |
| 11:04 | Investigar | Wheelbarrow |
| 11:10 | Investigar | Horse Collar |
| 11:15 | Investigar | Double-Bit Axe |
| 12:08 | Crear | Villager (Male) |
| 12:08 | Crear | Villager (Male) |
| 12:21 | Crear | Villager (Male) |
| 12:43 | Construir | Farm |
| 12:48 | Crear | Villager (Male) |
| 13:21 | Construir | House |
| 13:23 | Construir | House |
| 13:45 | Crear | Villager (Male) |
| 13:45 | Crear | Villager (Male) |
| 13:45 | Crear | Villager (Male) |
| 14:02 | Construir | Market |
| 14:11 | Crear | Villager (Male) |
| 14:22 | Construir | Blacksmith |
| 14:45 | Construir | Mining Camp |
| 15:59 | Construir | Farm |
| 17:54 | Crear | Villager (Male) |
| 17:54 | Crear | Villager (Male) |
| 17:54 | Crear | Villager (Male) |
| 17:56 | Crear | Villager (Male) |
| 17:56 | Crear | Villager (Male) |
| 18:29 | Construir | Barracks |
| 18:49 | Construir | Lumber Camp |
| 19:40 | Investigar | Arson |
| 20:01 | Crear | Spearman |
| 20:02 | Crear | Spearman |
| 20:02 | Crear | Spearman |
| 20:02 | Crear | Spearman |
| 20:25 | Construir | Stone Wall |
| 20:31 | Construir | Gate |
| 20:41 | Construir | Stone Wall |
| 23:28 | Investigar | Castle Age |
| 24:06 | Crear | Spearman |
| 24:06 | Crear | Spearman |
| 24:07 | Crear | Spearman |
| 25:12 | Investigar | Scale Mail Armor |
| 26:08 | Edad | Edad de los Castillos |
| 26:35 | Investigar | Heavy Plow |
| 26:39 | Crear | Villager (Male) |
| 26:40 | Crear | Villager (Male) |
| 26:51 | Construir | House |
| 26:53 | Construir | House |
| 26:55 | Construir | House |
| 26:56 | Construir | House |
| 27:35 | Construir | Farm |
| 27:59 | Construir | Town Center |
| 28:23 | Investigar | Squires |
| 28:40 | Crear | Villager (Male) |
| 28:41 | Crear | Villager (Male) |
| 29:01 | Investigar | Gold Mining |
| 29:18 | Construir | Farm |
| 29:41 | Construir | Farm |
| 30:30 | Construir | Farm |
| 30:31 | Construir | Farm |
| 30:33 | Construir | Farm |
| 31:07 | Investigar | Hand Cart |
| 31:21 | Investigar | Gambesons |
| 31:53 | Crear | Villager (Male) |
| 31:53 | Crear | Villager (Male) |
| 32:34 | Crear | Villager (Male) |
| 32:34 | Crear | Villager (Male) |
| 32:37 | Crear | Villager (Male) |
| 32:40 | Crear | Villager (Male) |
| 32:40 | Crear | Villager (Male) |
| 32:40 | Crear | Villager (Male) |
| 32:47 | Investigar | Stone Mining |
| 32:54 | Construir | Farm |
| 32:55 | Construir | Farm |
| 34:02 | Investigar | Bow Saw |
| 34:22 | Crear | Villager (Male) |
| 34:22 | Crear | Villager (Male) |
| 34:23 | Crear | Villager (Male) |
| 34:26 | Crear | Villager (Male) |
| 34:26 | Crear | Villager (Male) |
| 34:26 | Crear | Villager (Male) |
| 35:55 | Construir | Castle |
| 36:12 | Construir | Farm |
| 36:13 | Construir | Farm |
| 36:15 | Construir | Farm |
| 36:16 | Construir | Farm |
| 36:17 | Construir | Farm |
| 36:19 | Construir | Farm |
| 36:22 | Construir | Mill |
| 36:27 | Crear | Villager (Male) |
| 36:32 | Crear | Villager (Male) |
| 36:35 | Crear | Villager (Male) |
| 36:37 | Crear | Villager (Male) |
| 36:40 | Investigar | Forging |
| 36:41 | Investigar | Chain Mail Armor |
| 37:16 | Construir | House |
| 37:17 | Construir | House |
| 37:18 | Construir | House |
| 37:19 | Construir | House |
| 37:29 | Construir | Farm |
| 37:32 | Construir | Farm |
| 37:43 | Construir | Mining Camp |
Build order — xxxAJxxx
Primeras 150 de 303 acciones detectadas
| 0:01 | Crear | Villager (Male) |
| 0:01 | Crear | Villager (Male) |
| 0:01 | Crear | Villager (Male) |
| 0:02 | Crear | Villager (Male) |
| 0:03 | Construir | House |
| 0:05 | Construir | House |
| 1:54 | Crear | Villager (Male) |
| 1:54 | Crear | Villager (Male) |
| 2:02 | Construir | Lumber Camp |
| 2:09 | Crear | Villager (Male) |
| 2:09 | Crear | Villager (Male) |
| 2:33 | Crear | Villager (Male) |
| 2:33 | Crear | Villager (Male) |
| 2:51 | Construir | House |
| 3:05 | Crear | Villager (Male) |
| 3:05 | Crear | Villager (Male) |
| 3:23 | Crear | Villager (Male) |
| 3:24 | Crear | Villager (Male) |
| 3:46 | Crear | Villager (Male) |
| 3:46 | Crear | Villager (Male) |
| 3:52 | Construir | House |
| 4:16 | Crear | Villager (Male) |
| 4:16 | Crear | Villager (Male) |
| 4:29 | Crear | Villager (Male) |
| 4:29 | Crear | Villager (Male) |
| 4:49 | Crear | Villager (Male) |
| 4:50 | Crear | Villager (Male) |
| 5:03 | Construir | House |
| 5:15 | Crear | Villager (Male) |
| 5:16 | Crear | Villager (Male) |
| 5:16 | Crear | Villager (Male) |
| 5:39 | Construir | Mill |
| 5:59 | Crear | Villager (Male) |
| 6:00 | Crear | Villager (Male) |
| 6:59 | Crear | Villager (Male) |
| 7:24 | Investigar | Loom |
| 8:17 | Investigar | Feudal Age |
| 10:02 | Construir | Lumber Camp |
| 10:22 | Construir | Mining Camp |
| 10:27 | Edad | Edad Feudal |
| 10:28 | Construir | Barracks |
| 10:37 | Construir | Farm |
| 10:55 | Crear | Villager (Male) |
| 10:55 | Crear | Villager (Male) |
| 10:56 | Crear | Villager (Male) |
| 11:30 | Construir | House |
| 11:39 | Construir | Market |
| 11:45 | Crear | Villager (Male) |
| 11:59 | Construir | Blacksmith |
| 12:10 | Construir | House |
| 12:18 | Crear | Villager (Male) |
| 12:43 | Construir | Farm |
| 13:00 | Investigar | Castle Age |
| 13:00 | Investigar | Castle Age |
| 13:31 | Construir | Dock |
| 13:44 | Construir | Lumber Camp |
| 13:50 | Investigar | Horse Collar |
| 14:26 | Investigar | Double-Bit Axe |
| 14:26 | Investigar | Double-Bit Axe |
| 14:35 | Crear | Fishing Ship |
| 14:36 | Crear | Fishing Ship |
| 14:56 | Construir | Dock |
| 15:04 | Crear | Villager (Male) |
| 15:21 | Crear | Fishing Ship |
| 15:40 | Edad | Edad de los Castillos |
| 15:52 | Crear | Fishing Ship |
| 16:03 | Crear | Fishing Ship |
| 16:03 | Crear | Fishing Ship |
| 16:06 | Crear | Villager (Male) |
| 16:19 | Construir | Dock |
| 16:30 | Crear | Villager (Male) |
| 16:54 | Construir | House |
| 16:56 | Construir | House |
| 17:05 | Crear | Fishing Ship |
| 17:05 | Crear | Fishing Ship |
| 17:05 | Crear | Fishing Ship |
| 17:09 | Crear | Villager (Male) |
| 17:09 | Crear | Villager (Male) |
| 17:15 | Construir | Dock |
| 17:24 | Construir | Town Center |
| 17:27 | Crear | Villager (Male) |
| 17:33 | Crear | Fishing Ship |
| 17:34 | Crear | Fishing Ship |
| 17:37 | Crear | Fishing Ship |
| 17:43 | Crear | Villager (Male) |
| 17:49 | Construir | House |
| 17:51 | Construir | House |
| 17:52 | Construir | House |
| 18:02 | Crear | Fishing Ship |
| 18:02 | Crear | Fishing Ship |
| 18:08 | Crear | Villager (Male) |
| 18:28 | Crear | Villager (Male) |
| 18:47 | Crear | Fishing Ship |
| 18:48 | Crear | Fishing Ship |
| 18:51 | Crear | Villager (Male) |
| 18:56 | Crear | Villager (Male) |
| 18:56 | Crear | Villager (Male) |
| 19:36 | Crear | Villager (Male) |
| 19:45 | Construir | House |
| 19:54 | Investigar | Wheelbarrow |
| 20:16 | Crear | Villager (Male) |
| 20:21 | Construir | House |
| 20:41 | Construir | Dock |
| 20:46 | Crear | Villager (Male) |
| 20:52 | Construir | Mining Camp |
| 20:57 | Construir | House |
| 21:02 | Crear | Villager (Male) |
| 21:02 | Crear | Villager (Male) |
| 21:12 | Crear | Villager (Male) |
| 21:15 | Investigar | Scale Barding Armor |
| 21:20 | Construir | Farm |
| 21:28 | Crear | Fishing Ship |
| 21:28 | Crear | Fishing Ship |
| 21:33 | Construir | House |
| 21:34 | Construir | House |
| 21:37 | Crear | Villager (Male) |
| 21:38 | Crear | Villager (Male) |
| 21:39 | Crear | Villager (Male) |
| 21:41 | Construir | Farm |
| 21:45 | Construir | Farm |
| 22:01 | Construir | Monastery |
| 22:06 | Construir | University |
| 22:08 | Construir | Farm |
| 22:11 | Crear | Villager (Male) |
| 22:15 | Crear | Villager (Male) |
| 22:38 | Construir | House |
| 22:48 | Construir | Castle |
| 22:52 | Crear | Villager (Male) |
| 22:52 | Crear | Villager (Male) |
| 23:00 | Crear | Villager (Male) |
| 23:01 | Construir | Farm |
| 23:04 | Construir | Farm |
| 23:07 | Crear | Villager (Male) |
| 23:07 | Crear | Villager (Male) |
| 23:08 | Crear | Villager (Male) |
| 23:10 | Construir | Farm |
| 23:11 | Construir | House |
| 23:17 | Construir | Farm |
| 23:18 | Construir | Farm |
| 23:21 | Crear | Monk |
| 23:33 | Crear | Villager (Male) |
| 23:34 | Crear | Villager (Male) |
| 23:44 | Crear | Fishing Ship |
| 23:44 | Crear | Fishing Ship |
| 23:45 | Crear | Fishing Ship |
| 23:48 | Construir | House |
| 24:04 | Construir | Farm |
| 24:05 | Investigar | Heavy Plow |
| 24:06 | Crear | Villager (Male) |
| 24:10 | Construir | Farm |
Build order — K-po
Primeras 150 de 274 acciones detectadas
| 0:05 | Crear | Villager (Male) |
| 0:06 | Crear | Villager (Male) |
| 0:06 | Crear | Villager (Male) |
| 0:15 | Construir | House |
| 0:16 | Construir | House |
| 0:17 | Construir | House |
| 1:07 | Construir | House |
| 1:34 | Crear | Villager (Male) |
| 2:09 | Construir | Lumber Camp |
| 2:25 | Crear | Villager (Male) |
| 2:25 | Crear | Villager (Male) |
| 2:46 | Crear | Villager (Male) |
| 3:15 | Crear | Villager (Male) |
| 3:58 | Crear | Villager (Male) |
| 3:59 | Crear | Villager (Male) |
| 3:59 | Crear | Villager (Male) |
| 4:16 | Crear | Villager (Male) |
| 5:10 | Crear | Villager (Male) |
| 5:10 | Crear | Villager (Male) |
| 5:10 | Crear | Villager (Male) |
| 6:07 | Crear | Villager (Male) |
| 6:07 | Crear | Villager (Male) |
| 6:54 | Construir | Mill |
| 7:05 | Crear | Villager (Male) |
| 7:38 | Crear | Villager (Male) |
| 7:53 | Crear | Villager (Male) |
| 8:13 | Investigar | Feudal Age |
| 10:19 | Construir | Barracks |
| 10:23 | Edad | Edad Feudal |
| 10:32 | Crear | Villager (Male) |
| 10:33 | Crear | Villager (Male) |
| 10:55 | Crear | Villager (Male) |
| 11:03 | Construir | House |
| 11:05 | Construir | House |
| 11:08 | Construir | House |
| 11:38 | Construir | Archery Range |
| 11:43 | Construir | Stable |
| 11:46 | Crear | Villager (Male) |
| 11:48 | Crear | Villager (Male) |
| 11:58 | Construir | Mining Camp |
| 12:04 | Crear | Villager (Male) |
| 12:41 | Crear | Villager (Male) |
| 12:59 | Construir | Lumber Camp |
| 13:22 | Construir | Farm |
| 13:23 | Construir | Farm |
| 13:23 | Construir | Farm |
| 13:24 | Construir | Farm |
| 13:31 | Construir | Farm |
| 13:33 | Construir | Farm |
| 13:34 | Construir | Farm |
| 13:34 | Construir | Farm |
| 13:35 | Construir | Farm |
| 13:35 | Construir | Farm |
| 13:38 | Crear | Villager (Male) |
| 13:39 | Crear | Villager (Male) |
| 13:46 | Construir | Farm |
| 14:09 | Crear | Villager (Male) |
| 14:20 | Crear | Villager (Male) |
| 14:36 | Construir | Farm |
| 14:36 | Construir | Farm |
| 14:37 | Construir | Farm |
| 14:38 | Construir | Farm |
| 14:44 | Construir | Farm |
| 14:45 | Construir | Farm |
| 14:50 | Construir | Farm |
| 15:08 | Construir | Farm |
| 15:10 | Construir | Farm |
| 15:15 | Construir | Farm |
| 15:17 | Crear | Villager (Male) |
| 15:34 | Crear | Villager (Male) |
| 15:55 | Construir | Market |
| 16:08 | Crear | Villager (Male) |
| 16:08 | Crear | Villager (Male) |
| 16:20 | Construir | Blacksmith |
| 16:40 | Investigar | Horse Collar |
| 16:49 | Construir | Farm |
| 16:55 | Construir | Farm |
| 16:57 | Construir | Farm |
| 16:59 | Construir | Farm |
| 17:03 | Construir | Farm |
| 17:06 | Crear | Villager (Male) |
| 17:21 | Construir | House |
| 17:23 | Construir | House |
| 17:25 | Construir | House |
| 17:28 | Crear | Villager (Male) |
| 17:48 | Crear | Villager (Male) |
| 17:54 | Construir | Farm |
| 17:55 | Construir | Farm |
| 17:59 | Crear | Villager (Male) |
| 18:08 | Construir | House |
| 18:11 | Construir | House |
| 18:24 | Construir | Barracks |
| 18:34 | Construir | Farm |
| 18:38 | Investigar | Castle Age |
| 19:00 | Investigar | Man-at-Arms (upgrade) |
| 19:17 | Investigar | Scale Mail Armor |
| 19:35 | Investigar | Double-Bit Axe |
| 19:49 | Investigar | Stone Mining |
| 20:38 | Investigar | Wheelbarrow |
| 21:08 | Construir | Stone Wall |
| 21:26 | Edad | Edad de los Castillos |
| 21:30 | Construir | Stone Wall |
| 21:32 | Construir | Gate |
| 21:36 | Crear | Villager (Male) |
| 21:47 | Construir | Town Center |
| 21:54 | Crear | Villager (Male) |
| 22:15 | Construir | Town Center |
| 22:28 | Crear | Villager (Male) |
| 22:34 | Investigar | Gold Mining |
| 23:03 | Construir | Gate |
| 23:07 | Investigar | Hand Cart |
| 23:09 | Crear | Villager (Male) ×5 |
| 23:47 | Investigar | Caravan |
| 23:47 | Investigar | Coinage |
| 23:55 | Crear | Trade Cart |
| 24:17 | Crear | Villager (Male) |
| 24:17 | Crear | Villager (Male) |
| 24:18 | Crear | Villager (Male) |
| 24:19 | Crear | Villager (Male) |
| 24:29 | Crear | Villager (Male) ×2 |
| 24:38 | Crear | Villager (Male) |
| 24:38 | Crear | Villager (Male) |
| 24:38 | Crear | Villager (Male) |
| 25:14 | Investigar | Gold Shaft Mining |
| 25:17 | Crear | Villager (Male) |
| 25:17 | Crear | Villager (Male) |
| 25:17 | Crear | Villager (Male) |
| 25:23 | Construir | Farm |
| 25:23 | Construir | Farm |
| 25:24 | Construir | Farm |
| 25:24 | Construir | Farm |
| 25:25 | Construir | Farm |
| 25:28 | Construir | Farm |
| 25:40 | Crear | Villager (Male) |
| 25:41 | Crear | Villager (Male) |
| 25:45 | Crear | Villager (Male) |
| 25:45 | Crear | Villager (Male) |
| 25:56 | Construir | Stone Wall |
| 26:01 | Crear | Villager (Male) |
| 26:01 | Crear | Villager (Male) |
| 26:06 | Construir | Farm |
| 26:08 | Construir | Farm |
| 26:11 | Construir | Farm |
| 26:13 | Construir | Farm |
| 26:21 | Construir | Lumber Camp |
| 26:30 | Crear | Villager (Male) |
| 26:31 | Crear | Villager (Male) |
| 26:40 | Crear | Villager (Male) |
| 26:40 | Crear | Villager (Male) |
| 26:43 | Construir | Farm |
Build order — LanChesslot
Primeras 150 de 212 acciones detectadas
| 0:06 | Construir | House |
| 0:08 | Construir | House |
| 0:09 | Crear | Villager (Male) |
| 0:09 | Crear | Villager (Male) |
| 0:09 | Crear | Villager (Male) |
| 0:14 | Crear | Villager (Male) |
| 0:14 | Crear | Villager (Male) |
| 2:09 | Crear | Villager (Male) |
| 2:32 | Crear | Villager (Male) |
| 2:32 | Crear | Villager (Male) |
| 2:33 | Crear | Villager (Male) |
| 2:42 | Construir | Lumber Camp |
| 3:04 | Crear | Villager (Male) |
| 3:31 | Crear | Villager (Male) |
| 4:02 | Construir | House |
| 4:09 | Crear | Villager (Male) |
| 4:32 | Construir | House |
| 4:45 | Crear | Villager (Male) |
| 4:46 | Crear | Villager (Male) |
| 4:46 | Crear | Villager (Male) |
| 5:10 | Crear | Villager (Male) |
| 5:10 | Crear | Villager (Male) |
| 5:25 | Crear | Villager (Male) |
| 5:26 | Crear | Villager (Male) |
| 5:50 | Crear | Villager (Male) |
| 5:51 | Crear | Villager (Male) |
| 6:20 | Crear | Villager (Male) |
| 6:20 | Crear | Villager (Male) |
| 6:39 | Crear | Villager (Male) |
| 6:49 | Crear | Villager (Male) |
| 7:21 | Construir | Mill |
| 7:32 | Crear | Villager (Male) |
| 7:32 | Crear | Villager (Male) |
| 7:57 | Crear | Villager (Male) |
| 8:15 | Crear | Villager (Male) |
| 8:30 | Construir | House |
| 8:59 | Crear | Villager (Male) |
| 9:08 | Crear | Villager (Male) |
| 9:17 | Construir | Mining Camp |
| 9:57 | Investigar | Feudal Age |
| 10:24 | Crear | Villager (Male) |
| 10:25 | Crear | Villager (Male) |
| 12:07 | Edad | Edad Feudal |
| 12:12 | Construir | Blacksmith |
| 12:19 | Construir | Market |
| 12:21 | Crear | Villager (Male) |
| 12:44 | Crear | Villager (Male) |
| 12:59 | Construir | Lumber Camp |
| 13:11 | Construir | Mining Camp |
| 13:23 | Construir | House |
| 13:28 | Investigar | Castle Age |
| 13:38 | Construir | Farm |
| 13:39 | Construir | Farm |
| 13:39 | Construir | Farm |
| 13:39 | Construir | Farm |
| 13:40 | Construir | Farm |
| 13:40 | Construir | Farm |
| 13:41 | Construir | Farm |
| 14:20 | Construir | Farm |
| 15:52 | Crear | Villager (Male) |
| 15:55 | Crear | Villager (Male) |
| 16:08 | Edad | Edad de los Castillos |
| 16:36 | Construir | Town Center |
| 16:56 | Construir | Town Center |
| 17:00 | Crear | Villager (Male) |
| 17:01 | Crear | Villager (Male) |
| 17:36 | Crear | Villager (Male) |
| 17:37 | Crear | Villager (Male) |
| 17:50 | Crear | Villager (Male) |
| 17:50 | Crear | Villager (Male) |
| 18:03 | Crear | Villager (Male) |
| 18:29 | Construir | Barracks |
| 18:37 | Crear | Villager (Male) |
| 18:47 | Construir | Farm |
| 18:54 | Construir | Farm |
| 18:54 | Construir | Farm |
| 18:54 | Construir | Farm |
| 18:55 | Construir | Farm |
| 18:55 | Construir | Farm |
| 18:55 | Construir | Farm |
| 18:56 | Construir | Farm |
| 19:48 | Investigar | Pikeman (upgrade) |
| 19:52 | Crear | Spearman |
| 20:06 | Crear | Villager (Male) |
| 20:07 | Crear | Villager (Male) |
| 20:30 | Construir | Farm |
| 20:42 | Construir | Farm |
| 20:53 | Crear | Spearman |
| 21:05 | Construir | Stable |
| 21:07 | Crear | Villager (Male) |
| 21:07 | Crear | Villager (Male) |
| 21:08 | Crear | Villager (Male) |
| 21:40 | Crear | Villager (Male) |
| 21:41 | Crear | Villager (Male) |
| 21:47 | Construir | House |
| 21:48 | Construir | House |
| 21:50 | Construir | House |
| 21:59 | Construir | Farm |
| 22:24 | Crear | Villager (Male) |
| 22:24 | Crear | Villager (Male) |
| 22:25 | Crear | Villager (Male) |
| 23:07 | Crear | Villager (Male) |
| 23:07 | Crear | Villager (Male) |
| 23:13 | Construir | House |
| 23:15 | Crear | Villager (Male) |
| 23:15 | Crear | Villager (Male) |
| 23:29 | Investigar | Loom |
| 23:37 | Crear | Spearman |
| 23:38 | Crear | Spearman |
| 24:25 | Construir | Farm |
| 24:25 | Construir | Farm |
| 24:26 | Construir | Farm |
| 24:26 | Construir | Farm |
| 24:26 | Construir | Farm |
| 24:47 | Construir | Farm |
| 25:05 | Crear | Spearman |
| 25:05 | Crear | Spearman |
| 25:05 | Crear | Spearman |
| 25:15 | Construir | Farm |
| 25:23 | Construir | House |
| 25:24 | Construir | House |
| 25:26 | Construir | House |
| 25:26 | Construir | House |
| 25:28 | Construir | House |
| 25:30 | Construir | House |
| 25:35 | Crear | Villager (Male) |
| 25:35 | Crear | Villager (Male) |
| 25:55 | Construir | Castle |
| 26:12 | Construir | Castle |
| 26:25 | Investigar | Bloodlines |
| 26:38 | Crear | Villager (Male) |
| 26:38 | Crear | Villager (Male) |
| 26:39 | Crear | Villager (Male) |
| 26:39 | Crear | Villager (Male) |
| 26:52 | Crear | Spearman |
| 26:53 | Crear | Spearman |
| 27:37 | Crear | Arambai |
| 27:38 | Crear | Arambai |
| 27:39 | Crear | Arambai |
| 27:40 | Crear | Arambai |
| 28:00 | Crear | Battle Elephant |
| 28:01 | Crear | Battle Elephant |
| 28:05 | Construir | Farm |
| 28:06 | Crear | Villager (Male) |
| 28:07 | Crear | Villager (Male) |
| 28:43 | Construir | Stable |
| 28:45 | Construir | Stable |
| 28:47 | Construir | Stable |
| 29:06 | Crear | Arambai |
| 29:06 | Crear | Arambai |
Cronología de la partida
| 7:56 | Me Xantaress.. · first_building Barracks |
| 9:19 | nicodomax · first_building Barracks |
| 10:19 | K-po · first_building Barracks |
| 10:23 | K-po · age_up feudal |
| 10:27 | xxxAJxxx · age_up feudal |
| 10:28 | xxxAJxxx · first_building Barracks |
| 10:48 | nicodomax · age_up feudal |
| 10:53 | teutonicou · age_up feudal |
| 11:13 | ModernSamurai · first_building Barracks |
| 11:28 | ModernSamurai · age_up feudal |
| 11:38 | K-po · first_building Archery Range |
| 11:43 | K-po · first_building Stable |
| 12:07 | LanChesslot · age_up feudal |
| 12:32 | xxxAJxxx · first_market_sell 100 stone |
| 12:37 | Me Xantaress.. · age_up feudal |
| 12:41 | Me Xantaress.. · first_building Stable |
| 13:31 | xxxAJxxx · first_building Dock |
| 13:41 | nicodomax · wall_segment Palisade Wall x10 |
| 14:09 | nicodomax · wall_segment Palisade Wall x6 |
| 14:59 | nicodomax · first_building Archery Range |
| 15:10 | elmalpa6669 · first_building Stable |
| 15:40 | xxxAJxxx · age_up castle |
| 16:08 | LanChesslot · age_up castle |
| 16:54 | elmalpa6669 · wall_segment Stone Wall x1 |
| 17:25 | elmalpa6669 · wall_segment Stone Wall x8 |
| 18:29 | teutonicou · first_building Barracks |
| 18:29 | LanChesslot · first_building Barracks |
| 18:31 | elmalpa6669 · wall_segment Stone Wall x11 |
| 18:43 | nicodomax · first_building Stable |
| 20:25 | teutonicou · wall_segment Stone Wall x8 |
| 20:29 | nicodomax · wall_segment Palisade Wall x4 |
| 20:41 | teutonicou · wall_segment Stone Wall x9 |
| 21:05 | LanChesslot · first_building Stable |
| 21:08 | K-po · wall_segment Stone Wall x16 |
| 21:26 | K-po · age_up castle |
| 21:30 | K-po · wall_segment Stone Wall x24 |
| 22:01 | xxxAJxxx · first_building Monastery |
| 22:48 | xxxAJxxx · first_building Castle |
| 23:28 | elmalpa6669 · first_building Castle |
| 23:38 | nicodomax · age_up castle |
| 23:46 | ModernSamurai · age_up castle |
| 23:58 | ModernSamurai · first_building Archery Range |
| 25:00 | nicodomax · first_building Castle |
| 25:18 | elmalpa6669 · wall_segment Stone Wall x4 |
| 25:23 | elmalpa6669 · wall_segment Stone Wall x8 |
| 25:43 | elmalpa6669 · wall_segment Stone Wall x5 |
| 25:44 | elmalpa6669 · wall_segment Stone Wall x1 |
| 25:55 | LanChesslot · first_building Castle |
| 25:56 | K-po · wall_segment Stone Wall x14 |
| 26:08 | teutonicou · age_up castle |
| 26:36 | elmalpa6669 · wall_segment Stone Wall x1 |
| 27:13 | K-po · first_building Castle |
| 27:28 | Me Xantaress.. · age_up castle |
| 27:40 | Me Xantaress.. · first_building Castle |
| 28:13 | ModernSamurai · first_building Monastery |
| 29:10 | elmalpa6669 · first_building Siege Workshop |
| 30:21 | xxxAJxxx · age_up imperial |
| 30:25 | LanChesslot · first_building Siege Workshop |
| 32:27 | teutonicou · first_market_buy 100 food |
| 34:32 | ModernSamurai · age_up imperial |
| 35:55 | teutonicou · first_building Castle |
| 35:59 | K-po · age_up imperial |
[ ANÁLISIS IA · 1 CRÉDITO ]
¿Qué pasó realmente en esta partida?
Wolo.gg analiza cada decisión: build order, eco, micro, errores típicos por bracket. Análisis personalizado por WhatsApp o Discord en 30 segundos.
Guía civ
Portugueses
Perfil
Jugador #19933349